AoeStats
← aime_la

Arena

510406527Analyzed
2v2 RM · 16h ago on Sep 30, 2026· 59m 8s· 4 players
Game mode
Random Map
Map size
Medium (4 player)
Population
200
Speed
Normal
Resources
Standard
Victory
Conquest
Starting age
Dark Age
Ending age
Imperial Age
RankedLock teamsTeams togetherTeam positionsShared explorationLock speedFull tech treeHidden civsTurbo modeCheats
Victory
Defeat
🇺🇸 Sicilians · United States
883
+15
🇺🇸 Persians · United States
840
+16
🇩🇪 Romans · Germany
868
-16
🇷🇺 Japanese · Russia
842
-15
Solomo
3:44 Loom
10:19 Feudal Age
14:27 Castle Age
13:22 Stone Mining
13:41 Double-Bit Axe
14:05 Horse Collar
16:01 Wheelbarrow
18:32 Gold Mining
23:57 Scale Barding Armor
37:26 Imperial Age
35:46 Heavy Plow
35:51 Scale Mail Armor
37:16 Bow Saw
37:44 Chain Barding Armor
39:50 Crop Rotation
39:55 Conscription
40:49 Hand Cart
40:21 Town Watch
40:34 Murder Holes
41:40 Chemistry
40:23 Pikeman
41:03 Squires
43:27 Chain Mail Armor
42:54 Halberdier
45:08 Forging
45:34 Plate Barding Armor
45:27 Heavy Scorpion
47:47 Iron Casting
53:26 Blast Furnace
aime_la
0:42 Loom
11:40 Feudal Age
17:00 Castle Age
15:12 Horse Collar
15:19 Double-Bit Axe
15:34 Stone Mining
16:04 Gold Mining
18:35 Wheelbarrow
17:47 Town Watch
20:08 Gold Shaft Mining
21:34 Fervor
23:41 Heavy Plow
23:52 Bow Saw
24:24 Hand Cart
30:38 Imperial Age
28:42 Forging
28:32 Scale Mail Armor
31:45 Chain Mail Armor
32:05 Iron Casting
31:59 Elite Samurai
33:34 Plate Mail Armor
34:44 Conscription
35:15 Kataparuto
39:41 Blast Furnace
40:46 Hoardings
44:11 Pikeman
45:04 Squires
Shinyo
11:29 Feudal Age
12:22 Double-Bit Axe
15:16 Castle Age
16:49 Wheelbarrow
17:16 Wheelbarrow
17:09 Horse Collar
20:00 Bow Saw
21:22 Gold Mining
21:33 Heavy Plow
23:10 Stone Mining
25:39 Loom
25:40 Town Watch
26:15 Hand Cart
29:32 First Crusade
29:48 Forging
29:39 Scale Mail Armor
32:19 Imperial Age
30:04 Fletching
30:17 Squires
30:03 Arson
31:49 Iron Casting
31:31 Chain Mail Armor
31:52 Bodkin Arrow
32:23 Murder Holes
34:58 Conscription
34:45 Hauberk
35:29 Scale Barding Armor
36:26 Blast Furnace
36:11 Bloodlines
36:01 Husbandry
35:22 Cavalier
35:33 Cavalier
36:41 Chain Barding Armor
36:45 Town Patrol
38:49 Plate Barding Armor
40:32 Siege Engineers
57:01 Elite Serjeant
57:46 Bracer
58:09 Ballistics
58:49 Chemistry
57:35 Arrowslits
alipakdaman32
11:07 Feudal Age
12:03 Double-Bit Axe
12:59 Wheelbarrow
12:19 Horse Collar
12:31 Gold Mining
19:27 Castle Age
20:23 Bow Saw
22:21 Light Cavalry
23:11 Bloodlines
23:03 Husbandry
23:28 Hand Cart
22:59 Town Watch
25:15 Kamandaran
25:12 Crossbowman
25:18 Pikeman
25:59 Squires
32:43 Thumb Ring
34:22 Scale Barding Armor
34:18 Padded Archer Armor
34:08 Fletching
40:51 Imperial Age
41:12 Loom
43:03 Hussar
44:04 Bodkin Arrow
49:02 Elite War Elephant
51:37 Two-Man Saw
52:35 Chemistry
51:56 Ballistics
54:22 Heavy Plow
54:50 Cavalier
Connection lost

Rejoining the realm…

Still unreachable

The connection could not be restored.

Session expired

The server has moved on; the page needs a fresh start.